HBL
BUFFALO BISONS @ BROOKLYN CYCLONES
06/25/1997
 
TOP OF THE 1ST
Buffalo Bisons batting - Pitching for Brooklyn Cyclones : LHP Matt Perisho
Pitching: LHP Matt Perisho
Batting: SHB Roger Cedeno 0-0: Ball
1-0: Swinging Strike
1-1: Swinging Strike
1-2: Fly out, F9 (Line Drive, 9, EV 92.5 MPH)
Batting: RHB Manny Martinez 0-0: Ball
1-0: Called Strike
1-1: Ball
2-1: Called Strike
2-2: Fly out, F9 (Flyball, 89M, EV 85.0 MPH)
Batting: RHB Kevin Young 0-0: Fly out, F9 (Flyball, 89S, EV 95.6 MPH)
Top of the 1st over - 0 runs, 0 hits, 0 errors, 0 left on base; Buffalo 0 - Brooklyn 0
BOTTOM OF THE 1ST
Brooklyn Cyclones batting - Pitching for Buffalo Bisons : RHP Mike Williams
Pitching: RHP Mike Williams
Batting: RHB Onix Concepcion 0-0: SINGLE (Line Drive, 89M, EV 110.0 MPH)
Batting: LHB Ray Giannelli 0-0: Ball
1-0: Foul Ball, location: 2F
1-1: Swinging Strike
1-2: Foul Ball, location: 2F
1-2: SINGLE (Groundball, 34D, EV 100.6 MPH)
Onix Concepcion to second
Runner from 2nd tries for 3rd, SAFE, no throw by RF
Batting: RHB Jed Hansen 0-0: Called Strike
0-1: Foul Ball, location: 2F
0-2: Ball
1-2: Strikes out swinging
Batting: SHB Turner Ward 0-0: Ball
1-0: Ball
2-0: Swinging Strike
2-1: Foul Ball, location: 2F
2-2: Fielders Choice at 2nd, 1-6 (Groundball, 34S, EV 86.3 MPH)
Batting: LHB Greg Blosser 0-0: Swinging Strike
0-1: Ball
1-1: Ground out 1-3 (Groundball, 13, EV 95.0 MPH)
Bottom of the 1st over - 0 runs, 2 hits, 0 errors, 2 left on base; Buffalo 0 - Brooklyn 0
TOP OF THE 2ND
Buffalo Bisons batting - Pitching for Brooklyn Cyclones : LHP Matt Perisho
Batting: LHB Matt Stairs 0-0: Called Strike
0-1: Ball
1-1: Ball
2-1: Ball
3-1: SINGLE (Flyball, 89S, EV 86.9 MPH)
Batting: RHB Eddie Zambrano 0-0: Called Strike
0-1: Ball
1-1: Ball
2-1: SINGLE (Groundball, 56D, EV 104.4 MPH)
Matt Stairs to second
Batting: SHB Enrique Wilson 0-0: Called Strike
0-1: Foul Ball, location: 2F
0-2: Ball
1-2: SINGLE (Flyball, 89S, EV 84.4 MPH)
Matt Stairs to third
Eddie Zambrano to second
Batting: RHB Tim Spehr 0-0: Foul Ball, location: 2F
0-1: Ball
1-1: Reached on error, E6 (Groundball, 6S, EV 91.9 MPH)
Matt Stairs scores
Eddie Zambrano to third
Enrique Wilson to second
Batting: SHB David Howard 0-0: Ball
1-0: Foul Ball, location: 2F
1-1: Ball
2-1: Ball
3-1: Foul Ball, location: 2F
3-2: Foul Ball, location: 2F
3-2: SINGLE (Flyball, 8RS, EV 96.3 MPH)
Eddie Zambrano scores
Enrique Wilson to third
Tim Spehr to second
Batting: RHB Robert Eenhoorn 0-0: Ball
1-0: Ball
2-0: Ball
3-0: Swinging Strike
3-1: Base on Balls
Enrique Wilson scores
Tim Spehr to third
David Howard to second
Batting: SHB Roger Cedeno 0-0: Foul Ball, location: 2F
0-1: Swinging Strike
0-2: Foul Ball, location: 2F
0-2: SINGLE (Groundball, 6M, EV 80.6 MPH) (infield hit)
Tim Spehr scores
David Howard to third
Robert Eenhoorn to second
Batting: RHB Manny Martinez 0-0: Called Strike
0-1: Ball
1-1: Ground out 4-3 (Groundball, 4S, EV 74.4 MPH)
David Howard scores
Robert Eenhoorn to third
Roger Cedeno to second
Batting: RHB Kevin Young 0-0: Ball
1-0: Ball
2-0: Ball
3-0: Fly out, F7 (Flyball, 7LMF, EV 73.8 MPH)
Runner from 3rd tags up, SCORES, no throw by LF
Batting: LHB Matt Stairs 0-0: Ball
1-0: Foul Ball, location: 2F
1-1: Ball
2-1: Ground out 1-3 (Groundball, P, EV 66.9 MPH)
Top of the 2nd over - 6 runs, 5 hits, 1 error, 1 left on base; Buffalo 6 - Brooklyn 0
BOTTOM OF THE 2ND
Brooklyn Cyclones batting - Pitching for Buffalo Bisons : RHP Mike Williams
Batting: RHB Brent Cookson 0-0: Ball
1-0: Swinging Strike
1-1: Swinging Strike
1-2: Foul Ball, location: 2F
1-2: SINGLE (Line Drive, 8RS, EV 110.6 MPH)
Batting: RHB Pedro Castellano 0-0: Foul Ball, location: 2F
0-1: Ball
1-1: Ball
2-1: Foul Ball, location: 2F
2-2: Ball
3-2: Foul Ball, location: 2F
3-2: Foul Ball, location: 2F
3-2: Grounds into double play, 4-6-3 (Groundball, 34, EV 101.9 MPH)
Batting: LHB Joe Siddall 0-0: Ball
1-0: Foul Ball, location: 2F
1-1: Fly out, F8 (Line Drive, 8LM, EV 96.9 MPH)
Bottom of the 2nd over - 0 runs, 1 hit, 0 errors, 0 left on base; Buffalo 6 - Brooklyn 0
TOP OF THE 3RD
Buffalo Bisons batting - Pitching for Brooklyn Cyclones : LHP Matt Perisho
Batting: RHB Eddie Zambrano 0-0: Called Strike
0-1: Ground out 5-3 (Groundball, 56, EV 84.4 MPH)
Batting: SHB Enrique Wilson 0-0: Called Strike
0-1: Ball
1-1: Ball
2-1: Ball
3-1: Base on Balls
Pitching: RHP Steve Reed
Batting: RHB Tim Spehr 0-0: Ball
1-0: Ball
2-0: Called Strike
2-1: Called Strike
2-2: Ball
3-2: SINGLE (Groundball, 6D, EV 100.0 MPH)
Enrique Wilson to second
Enrique Wilson to third
Batting: SHB David Howard 0-0: Foul Ball, location: 2F
0-1: Ball
1-1: Foul Ball, location: 2F
1-2: Ball
2-2: Strikes out swinging
Batting: RHB Robert Eenhoorn 0-0: Swinging Strike
0-1: Foul Ball, location: 2F
0-2: Ball
1-2: Strikes out looking
Top of the 3rd over - 0 runs, 1 hit, 0 errors, 2 left on base; Buffalo 6 - Brooklyn 0
BOTTOM OF THE 3RD
Brooklyn Cyclones batting - Pitching for Buffalo Bisons : RHP Mike Williams
Batting: RHB Alan Cockrell 0-0: Called Strike
0-1: Called Strike
0-2: Strikes out swinging
Batting: RHB Onix Concepcion 0-0: Ball
1-0: Ball
2-0: Ball
3-0: Called Strike
3-1: SINGLE (Groundball, 4MD, EV 101.9 MPH)
Batting: LHB Ray Giannelli 0-0: Called Strike
0-1: Foul Ball, location: 2F
0-2: Foul Ball, location: 2F
0-2: Ball
1-2: Ball
2-2: Ball
3-2: Ground out 4-3 (Groundball, 4, EV 83.8 MPH)
Onix Concepcion to second
Batting: RHB Jed Hansen 0-0: Called Strike
0-1: Ball
1-1: Ball
2-1: Foul Ball, location: 2F
2-2: Ball
3-2: Fly out, F3 (Popup, 3F, EV 68.1 MPH)
Bottom of the 3rd over - 0 runs, 1 hit, 0 errors, 1 left on base; Buffalo 6 - Brooklyn 0
TOP OF THE 4TH
Buffalo Bisons batting - Pitching for Brooklyn Cyclones : RHP Steve Reed
Batting: SHB Roger Cedeno 0-0: Foul Ball, location: 2F
0-1: Swinging Strike
0-2: Ball
1-2: Ball
2-2: Strikes out swinging
Batting: RHB Manny Martinez 0-0: Called Strike
0-1: Fly out, F8 (Flyball, 8LD, EV 95.0 MPH)
Batting: RHB Kevin Young 0-0: Called Strike
0-1: Ball
1-1: Ball
2-1: Foul Ball, location: 2F
2-2: Strikes out looking
Top of the 4th over - 0 runs, 0 hits, 0 errors, 0 left on base; Buffalo 6 - Brooklyn 0
BOTTOM OF THE 4TH
Brooklyn Cyclones batting - Pitching for Buffalo Bisons : RHP Mike Williams
Batting: SHB Turner Ward 0-0: Ball
1-0: Ball
2-0: Ball
3-0: Called Strike
3-1: Swinging Strike
3-2: Base on Balls
Batting: LHB Greg Blosser 0-0: Ball
1-0: Ball
2-0: Grounds into double play, 6-4-3 (Groundball, 6, EV 95.0 MPH)
Batting: RHB Brent Cookson 0-0: Called Strike
0-1: Called Strike
0-2: Ball
1-2: Foul Ball, location: 2F
1-2: Strikes out swinging
Bottom of the 4th over - 0 runs, 0 hits, 0 errors, 0 left on base; Buffalo 6 - Brooklyn 0
TOP OF THE 5TH
Buffalo Bisons batting - Pitching for Brooklyn Cyclones : RHP Steve Reed
Batting: LHB Matt Stairs 0-0: Ball
1-0: Ground out U3 (Groundball, 3, EV 107.5 MPH)
Batting: RHB Eddie Zambrano 0-0: Called Strike
0-1: Ball
1-1: Foul Ball, location: 2F
1-2: Foul Ball, location: 2F
1-2: Ball
2-2: Foul Ball, location: 2F
2-2: Ball
3-2: Foul Ball, location: 2F
3-2: DOUBLE (Flyball, 78D, EV 99.4 MPH)
Batting: SHB Enrique Wilson 0-0: Foul Ball, location: 2F
0-1: SINGLE (Line Drive, 6MD, EV 97.5 MPH)
Eddie Zambrano to third
Pitching: RHP Manny Aybar
Batting: RHB Tim Spehr 0-0: Ball
1-0: SINGLE (Flyball, 89S, EV 91.3 MPH)
Eddie Zambrano scores
Enrique Wilson to second
Runner from 2nd tries for 3rd, SAFE, throw by RF made to third
Batting: SHB David Howard 0-0: Ball
1-0: Foul Ball, location: 2F
1-1: Ball
2-1: Foul Ball, location: 2F
2-2: Fly out, F3 (Popup, 34, EV 80.0 MPH)
Batting: RHB Robert Eenhoorn 0-0: Called Strike
0-1: Swinging Strike
0-2: Foul Ball, location: 2F
0-2: Foul Ball, location: 2F
0-2: Ball
1-2: SINGLE (Line Drive, 89S, EV 101.3 MPH)
Enrique Wilson scores
Tim Spehr to second
Batting: SHB Roger Cedeno 0-0: Swinging Strike
0-1: Fly out, F9 (Flyball, 9LM, EV 83.1 MPH)
Top of the 5th over - 2 runs, 4 hits, 0 errors, 2 left on base; Buffalo 8 - Brooklyn 0
BOTTOM OF THE 5TH
Brooklyn Cyclones batting - Pitching for Buffalo Bisons : RHP Mike Williams
Pitching: RHP Bob W. Malloy
Batting: RHB Pedro Castellano 0-0: Called Strike
0-1: Called Strike
0-2: Ball
1-2: Ball
2-2: Foul Ball, location: 2F
2-2: Fly out, F9 (Flyball, 9LS, EV 88.8 MPH)
Batting: LHB Joe Siddall 0-0: Called Strike
0-1: Fly out, F8 (Flyball, 89M, EV 90.0 MPH)
Batting: RHB Alan Cockrell 0-0: Ground out 4-3 (Groundball, 4, EV 83.1 MPH)
Bottom of the 5th over - 0 runs, 0 hits, 0 errors, 0 left on base; Buffalo 8 - Brooklyn 0
TOP OF THE 6TH
Buffalo Bisons batting - Pitching for Brooklyn Cyclones : RHP Manny Aybar
Batting: RHB Manny Martinez 0-0: Foul Ball, location: 2F
0-1: Ball
1-1: Foul Ball, location: 2F
1-2: Foul Ball, location: 2F
1-2: SINGLE (Line Drive, 56D, EV 95.0 MPH)
Pitching: LHP Zane Smith
Batting: RHB Kevin Young 0-0: Called Strike
0-1: Ball
1-1: Foul Ball, location: 2F
1-2: Fly out, F7 (Flyball, 7D, EV 105.0 MPH)
Batting: LHB Matt Stairs 0-0: Fielders Choice at 2nd, 5-4 (Groundball, 5, EV 81.3 MPH)
Batting: RHB Eddie Zambrano 0-0: Ball
1-0: Fly out, F9 (Flyball, 9S, EV 88.8 MPH)
Top of the 6th over - 0 runs, 1 hit, 0 errors, 1 left on base; Buffalo 8 - Brooklyn 0
BOTTOM OF THE 6TH
Brooklyn Cyclones batting - Pitching for Buffalo Bisons : RHP Bob W. Malloy
Batting: RHB Onix Concepcion 0-0: Ball
1-0: Ball
2-0: Foul Ball, location: 2F
2-1: Foul Ball, location: 2F
2-2: Ball
3-2: Strikes out swinging
Batting: LHB Ray Giannelli 0-0: Ball
1-0: Ball
2-0: Ball
3-0: Base on Balls
Batting: RHB Jed Hansen 0-0: Ball
1-0: Foul Ball, location: 2F
1-1: Ball
2-1: Foul Ball, location: 2F
2-2: Strikes out swinging
Batting: SHB Turner Ward 0-0: SINGLE (Line Drive, 78S, EV 100.6 MPH)
Ray Giannelli to second
Batting: LHB Greg Blosser 0-0: Ball
1-0: Ball
2-0: Foul Ball, location: 2F
2-1: Ball
3-1: Swinging Strike
3-2: Strikes out looking
Bottom of the 6th over - 0 runs, 1 hit, 0 errors, 2 left on base; Buffalo 8 - Brooklyn 0
TOP OF THE 7TH
Buffalo Bisons batting - Pitching for Brooklyn Cyclones : LHP Zane Smith
Batting: SHB Enrique Wilson 0-0: Ball
1-0: Foul Ball, location: 2F
1-1: Called Strike
1-2: Fly out, F9 (Flyball, 9, EV 98.1 MPH)
Batting: RHB Tim Spehr 0-0: Ball
1-0: Fly out, F8 (Flyball, 89D, EV 101.9 MPH)
Batting: SHB David Howard 0-0: Foul Ball, location: 2F
0-1: Foul Ball, location: 2F
0-2: Ball
1-2: Ball
2-2: Ball
3-2: Ground out 5-3 (Groundball, 56S, EV 78.1 MPH)
Top of the 7th over - 0 runs, 0 hits, 0 errors, 0 left on base; Buffalo 8 - Brooklyn 0
BOTTOM OF THE 7TH
Brooklyn Cyclones batting - Pitching for Buffalo Bisons : RHP Bob W. Malloy
Batting: RHB Brent Cookson 0-0: Ball
1-0: Foul Ball, location: 2F
1-1: Ground out 6-3 (Groundball, 6, EV 81.3 MPH)
Batting: RHB Pedro Castellano 0-0: Foul Ball, location: 2F
0-1: Ball
1-1: Ball
2-1: DOUBLE (Line Drive, 9LS, EV 103.1 MPH)
Pitching: RHP John H. Doherty
Batting: LHB Joe Siddall 0-0: Foul Ball, location: 2F
0-1: Ball
1-1: Ball
2-1: Ball
3-1: Foul Ball, location: 2F
3-2: Strikes out looking
Pitching: RHP Andres Berumen
Batting: RHB Alan Cockrell 0-0: Called Strike
0-1: Ball
1-1: Swinging Strike
1-2: Ball
Passed Ball!
Pedro Castellano to third
2-2: Foul Ball, location: 2F
2-2: Ball
3-2: Ground out 4-3 (Groundball, 4, EV 102.5 MPH)
Bottom of the 7th over - 0 runs, 1 hit, 0 errors, 1 left on base; Buffalo 8 - Brooklyn 0
TOP OF THE 8TH
Buffalo Bisons batting - Pitching for Brooklyn Cyclones : LHP Zane Smith
Pitching: RHP Darren Dreifort
Batting: RHB Robert Eenhoorn 0-0: Called Strike
0-1: Ball
1-1: DOUBLE (Flyball, 7LD, EV 114.4 MPH)
Batting: SHB Roger Cedeno 0-0: Ball
1-0: Ball
2-0: Called Strike
2-1: Foul Ball, location: 2F
2-2: Ball
3-2: Base on Balls
Batting: RHB Manny Martinez 0-0: Called Strike
0-1: Ball
1-1: Foul Ball, location: 2F
1-2: Foul Ball, location: 2F
1-2: TRIPLE (Flyball, 8LXD, EV 100.6 MPH)
Robert Eenhoorn scores
Roger Cedeno scores
Pitching: RHP Todd Erdos
Batting: RHB Kevin Young 0-0: Swinging Strike
0-1: SINGLE (Line Drive, 8RS, EV 106.3 MPH)
Manny Martinez scores
Batting: LHB Matt Stairs 0-0: Called Strike
0-1: Called Strike
0-2: Strikes out swinging
Pinch Hitting: LHB Duane Singleton 0-0: Ball
1-0: Called Strike
1-1: Ball
2-1: Ball
3-1: Called Strike
3-2: Foul Ball, location: 2F
3-2: Foul Ball, location: 2F
3-2: Foul Ball, location: 2F
3-2: Foul Ball, location: 2F
3-2: Foul Ball, location: 2F
3-2: Base on Balls
Kevin Young to second
Pitching: RHP Tim Belk
Batting: SHB Enrique Wilson 0-0: Ball
Wild Pitch!
Kevin Young to third
Duane Singleton to second
1-0: Ball
2-0: Ground out 4-3 (Groundball, 4, EV 88.1 MPH)
Kevin Young scores
Duane Singleton to third
Batting: RHB Tim Spehr 0-0: Called Strike
0-1: Ball
1-1: Ball
2-1: Ball
3-1: Base on Balls
Batting: SHB David Howard 0-0: SINGLE (Groundball, 4D, EV 95.6 MPH)
Duane Singleton scores
Tim Spehr to second
Batting: RHB Robert Eenhoorn 0-0: Ball
1-0: Ball
2-0: Called Strike
2-1: Ball
3-1: Foul Ball, location: 2F
3-2: Foul Ball, location: 2F
3-2: Strikes out swinging
Top of the 8th over - 5 runs, 4 hits, 0 errors, 2 left on base; Buffalo 13 - Brooklyn 0
BOTTOM OF THE 8TH
Brooklyn Cyclones batting - Pitching for Buffalo Bisons : RHP Andres Berumen
Now in RF: Duane Singleton
Batting: RHB Onix Concepcion 0-0: Ball
1-0: Fly out, F7 (Flyball, 7S, EV 91.3 MPH)
Batting: LHB Ray Giannelli 0-0: Ball
1-0: Fly out, F5 (Popup, 25F, EV 78.8 MPH)
Batting: RHB Jed Hansen 0-0: Called Strike
0-1: Ball
1-1: Fly out, F8 (Flyball, 8RXD, EV 106.9 MPH)
Bottom of the 8th over - 0 runs, 0 hits, 0 errors, 0 left on base; Buffalo 13 - Brooklyn 0
TOP OF THE 9TH
Buffalo Bisons batting - Pitching for Brooklyn Cyclones : RHP Tim Belk
Batting: SHB Roger Cedeno 0-0: Ball
1-0: Ball
2-0: Ball
3-0: Called Strike
3-1: Called Strike
3-2: Base on Balls
Batting: RHB Manny Martinez 0-0: Ball
1-0: Foul Ball, location: 2F
1-1: Ball
2-1: Foul Ball, location: 2F
2-2: Fly out, F5 (Popup, 5S, EV 88.1 MPH)
Batting: RHB Kevin Young 0-0: Called Strike
0-1: Ball
1-1: Foul Ball, location: 2F
1-2: Ball
2-2: Foul Ball, location: 2F
2-2: Fly out, F8 (Flyball, 8RS, EV 89.4 MPH)
Batting: LHB Matt Stairs 0-0: Ball
1-0: Ball
2-0: Ball
3-0: Base on Balls
Roger Cedeno to second
Batting: LHB Duane Singleton 0-0: Foul Ball, location: 2F
0-1: Called Strike
0-2: Strikes out looking
Top of the 9th over - 0 runs, 0 hits, 0 errors, 2 left on base; Buffalo 13 - Brooklyn 0
BOTTOM OF THE 9TH
Brooklyn Cyclones batting - Pitching for Buffalo Bisons : RHP Andres Berumen
Batting: SHB Turner Ward 0-0: Ball
1-0: Ball
2-0: Ball
3-0: Called Strike
3-1: Base on Balls
Batting: LHB Greg Blosser 0-0: Called Strike
0-1: Foul Ball, location: 2F
0-2: Strikes out looking
Batting: RHB Brent Cookson 0-0: Ball
1-0: Called Strike
1-1: Grounds into double play, 6-4-3 (Groundball, 6, EV 88.1 MPH)
Bottom of the 9th over - 0 runs, 0 hits, 0 errors, 0 left on base; Buffalo 13 - Brooklyn 0
Monday, March 2nd, 2026 - OOTP Baseball 20.8 Build 74